 Dungeon Crawl Stone Soup version 0.28-a0-8-g6e044cfa68 (webtiles) character file.

Game seed: 18114892371477235765

16351 Herr the Basher (level 12, -4/73 HPs)
             Began as a Gargoyle Fighter on July 21, 2021.
             Was a Priest of the Shining One.
             Killed from afar by a deep elf pyromancer (36 damage)
             ... with a bolt of fire
             ... on level 12 of the Dungeon on July 23, 2021.
             The game lasted 00:52:59 (14611 turns).

Herr the Basher (Gargoyle Fighter)                 Turns: 14611, Time: 00:53:00

Health: -4/73      AC: 19    Str: 29    XL:     12   Next: 36%
Magic:  12/12      EV:  9    Int: 14    God:    the Shining One [***...]
Gold:   627        SH: 18    Dex:  9    Spells: 10/11 levels left

rFire   . . .      SeeInvis +   U - +7 mace (freeze)
rCold   + . .      Faith    .   c - +0 kite shield
rNeg    + + +      Spirit   .   b - +0 scale mail rPois โˆž Reflect +
                                h - +0 helmet
rElec   +          Harm     .   (no cloak)
rCorr   .          Rampage  .   m - +0 pair of gloves
Will    .....                   (no boots)
Stlth   ..........              g - amulet of reflection
HPRegen 0.22/turn               J - ring of Arob {Wiz Str+3 Int+6}
MPRegen 0.13/turn               N - ring of Doubts {rC+ rN+ SInv}

@: glowing
A: sickness immunity, AC +8, negative energy resistance 1, electricity
resistance, torment resistance 1, petrification resistance
a: Renounce Religion, Divine Shield


You were on level 12 of the Dungeon.
You worshipped the Shining One.
The Shining One was most pleased with you.
You visited 2 branches of the dungeon, and saw 13 of its levels.

You collected 627 gold pieces.

Inventory:

Hand Weapons
 a - a +3 vorpal flail
 G - the +7 hand axe of Isoec Wio {vorpal, rPois Dex+2}
   (You took it off a centaur on level 8 of the Dungeon)

   It inflicts extra damage upon your enemies.
   Dex:       It affects your dexterity (+2).
   rPois:     It protects you from poison.
 U - a +7 mace of freezing (weapon)
Missiles
 s - 8 atropa-tipped darts (quivered)
 v - 207 stones
 C - 5 boomerangs of dispersal
Armour
 b - a +0 scale mail (worn)
 c - a +0 kite shield (worn)
 h - a +0 helmet (worn)
 m - a +0 pair of gloves (worn)
 I - the +1 chain mail "Jaext" {Harm rC- rN++ rCorr}
   (You found it on level 8 of the Dungeon)

   rC:        It makes you vulnerable to cold.
   rN:        It greatly protects you from negative energy.
   rCorr:     It protects you from acid and corrosion.
   Harm:      It increases damage dealt and taken.
Jewellery
 g - an amulet of reflection (around neck)
 r - a ring of resist corrosion
 J - the ring of Arob (left hand) {Wiz Str+3 Int+6}
   (You found it on level 8 of the Dungeon)

   [ring of wizardry]

   It improves your spell success rate.
   Str:       It affects your strength (+3).
   Int:       It affects your intelligence (+6).
 N - the ring of Doubts (right hand) {rC+ rN+ SInv}
   (You took it off an orc priest on level 8 of the Dungeon)

   [ring of see invisible]

   rC:        It protects you from cold.
   rN:        It protects you from negative energy.
   SInv:      It lets you see invisible.
 W - an amulet of regeneration
Wands
 k - a wand of iceblast (13)
 L - a wand of polymorph (23)
 O - a wand of digging (5)
Scrolls
 d - a scroll of enchant armour {unknown}
 w - 2 scrolls of magic mapping
 x - a scroll of teleportation
 T - 3 scrolls of silence
 V - a scroll of blinking
Potions
 e - 8 potions of flight
 f - a potion of ambrosia
 n - a potion of resistance
 o - 2 potions of heal wounds
 p - 2 potions of brilliance
 q - 2 potions of lignification
 P - 3 potions of might
 Q - 3 potions of curing
Miscellaneous
 H - a box of beasts


   Skills:
 + Level 8.0 Fighting
 * Level 13.8 Maces & Flails
 + Level 8.6 Armour
 - Level 0.7 Dodging
 + Level 11.1 Shields
 - Level 0.7 Earth Magic
 + Level 1.2 Invocations


You had 10 spell levels left.
You knew the following spells:

 Your Spells              Type           Power      Damage    Failure   Level
a - Sandblast             Erth           2%         2d4       26%         1

Your spell library contained the following spells:

 Spells                   Type           Power      Damage    Failure   Level
 Foxfire                  Conj/Fire      0%         2x1d4     34%         1
 Freeze                   Ice            0%         1d3       34%         1
 Magic Dart               Conj           0%         1d3       34%         1
 Passwall                 Tmut/Erth      0%         N/A       43%         2
 Blink                    Tloc           N/A        N/A       45%         2
 Searing Ray              Conj           0%         3d3       45%         2
 Conjure Flame            Conj/Fire      0%         6-21      69%         3
 Frozen Ramparts          Ice            0%         1d2       69%         3
 Inner Flame              Hex/Fire       0%         N/A       69%         3
 Lesser Beckoning         Tloc           0%         N/A       69%         3
 Portal Projectile        Hex/Tloc       0%         N/A       69%         3
 Fulminant Prism          Conj/Hex       0%         3d6       97%         4
 Hailstorm                Conj/Ice       0%         3d3       97%         4
 Lee's Rapid Deconstruct  Erth           0%         3d5*      99%         5
 Blade Hands              Tmut           0%         N/A       100%        5
 Excruciating Wounds      Necr           0%         N/A       100%        5
 Irradiate                Conj/Tmut      0%         3d13      100%        5
 Manifold Assault         Tloc           0%         N/A       100%        5
 Dragon Form              Tmut           0%         N/A       100%        7


Dungeon Overview and Level Annotations

Branches:
Dungeon (12/15)            Temple (1/1) D:4            Lair (0/6) D:9
    Orc: D:9-12

Altars:
Ashenzari
Cheibriados
Dithmenos
Elyvilon
Fedhas
Gozag
Hepliaklqana
Kikubaaqudgha
Makhleb
Nemelex Xobeh
Okawaru
Qazlal
Ru
Sif Muna
Trog
Uskayaw
Vehumet
Wu Jian
Xom
Yredelemnul
Zin
The Shining One

Shops:
D:7 (

Annotations:
D:6 1 runed translucent door, Crazy Yiuf, Maggie


Innate Abilities, Weirdness & Mutations

You are immune to sickness and miasma.
Your stone body is resilient. (AC +8)
You are immune to poison.
You resist negative energy. (rN+)
You are resistant to electric shocks. (rElec)
You are resistant to unholy torment.
You are immune to petrification.


Message History

You block the manticore's attack.
You thump the manticore! You freeze the manticore.
The manticore is severely wounded.
You thump the manticore! You freeze the manticore.
The manticore is almost dead.
The manticore bites you. You block the manticore's attack.
The manticore closely misses you.
The deep elf pyromancer casts a spell.
The deep elf pyromancer blinks!
You sock the manticore! You freeze the manticore.
You kill the manticore!
The barbed spikes dig painfully into your body as you move.
The barbed spikes dig painfully into your body as you move.
The barbed spikes dig painfully into your body as you move.
* * * LOW HITPOINT WARNING * * *
The barbed spikes dig painfully into your body as you move.
* * * LOW HITPOINT WARNING * * *
The barbed spikes dig painfully into your body as you move.
* * * LOW HITPOINT WARNING * * *
You start resting.
You carefully extract the barbed spikes from your body.
You feel much better.
The deep elf pyromancer casts a spell at you.
The sticky flame reflects off an invisible shield around you!
The sticky flame hits the deep elf pyromancer!
The deep elf pyromancer is covered in liquid flames!
The deep elf pyromancer burns!
The deep elf pyromancer mumbles some strange words.
The deep elf pyromancer burns!
The deep elf pyromancer casts a spell at you.
The sticky flame reflects off an invisible shield around you!
The sticky flame hits the deep elf pyromancer!
The deep elf pyromancer burns!
The deep elf pyromancer casts a spell.
The deep elf pyromancer blinks!
Found 17 gold pieces.
The deep elf pyromancer burns!
The deep elf pyromancer casts a spell at you.
The bolt of fire hits you!!!
You die...

#.....#.....#
....#.....#.....# .
....#..8..#.....# .
................# .
.$......>.......+ .
...e............######
. #...................#
+...................###
#.....@..######.....'..
#.....E..# #.....#..
#....โ—‹ยง..# #.....#..
#....โ—‹...# +.....#..
#........####+#.....#..
#...................#..
#...................#..
#...................#..
#...................#..


You could see a deep elf pyromancer (burning) and a fire elemental (summoned).

Vanquished Creatures
  A hydra (D:11)
  A centaur warrior (D:8)
  A two-headed ogre (D:8)
  2 death yaks (D:9)
  Pikel (D:6)
  An ugly thing (D:11)
  A cyclops (D:11)
  4 manticores
  2 unseen horrors (D:11)
  A komodo dragon (D:11)
  A troll (D:8)
  A meliai zombie (D:11)
  5 slime creatures (D:12)
  2 shadows
  2 vampires
  3 wraiths
  A wyvern (D:8)
  12 yaks
  A basilisk (D:10)
  4 vampire mosquitoes
  6 steam dragons (D:8)
  A water moccasin (D:7)
  Duvessa (D:6)
  2 sky beasts
  3 orc warriors
  3 ogres
  A lemure (D:6)
  12 centaurs
  3 kobold brigands
  Blork the orc (D:5)
  A gnoll sergeant (D:7)
  2 scorpions (D:6)
  Dowan (D:6)
  7 killer bees
  5 wights (D:9)
  6 howler monkeys
  A lava snake (D:9)
  3 centaur zombies
  3 hounds
  9 orc priests
  A gnoll shaman (D:6)
  3 iguanas
  9 orc wizards
  A howler monkey zombie (D:9)
  8 gnolls
  5 adders
  2 white imps
  2 worms
  4 dart slugs
  27 orcs
  8 endoplasms
  5 giant cockroaches
  4 hobgoblins
  3 quokkas
  8 ball pythons
  3 bats
  4 frilled lizards
  4 goblins
  13 kobolds
  A rat (D:1)
233 creatures vanquished.

Vanquished Creatures (others)
  A fungus (D:6)
1 creature vanquished.

Grand Total: 234 creatures vanquished

Notes
Turn   | Place    | Note
-------+----------+-------------------------------------------
     0 | D:1      | Herr the Gargoyle Fighter began the quest for the Orb.
     0 | D:1      | Reached XP level 1. HP: 14/14 MP: 1/1
   305 | D:1      | Reached XP level 2. HP: 19/19 MP: 2/2
   857 | D:2      | Reached XP level 3. HP: 24/24 MP: 3/3
  1451 | D:2      | Found a faded altar of an unknown god.
  1921 | D:2      | Reached XP level 4. HP: 29/29 MP: 4/4
  2236 | D:3      | Reached skill level 3 in Maces & Flails
  2654 | D:3      | Found a burning altar of Makhleb.
  2655 | D:3      | Found an opulent altar of Gozag.
  2984 | D:4      | Reached XP level 5. HP: 31/33 MP: 5/5
  3034 | D:4      | Found a staircase to the Ecumenical Temple.
  3083 | Temple   | Entered the Ecumenical Temple
  3918 | Temple   | Became a worshipper of the Shining One
  3949 | Temple   | Upgraded the game from 0.27-a0-1612-gde56a17b89 to
                  | 0.28-a0-8-g6e044cfa68
  4002 | D:4      | Noticed an ogre
  4035 | D:4      | Killed an ogre
  4036 | D:4      | Reached skill level 4 in Maces & Flails
  4204 | D:4      | Reached XP level 6. HP: 38/38 MP: 6/6
  4438 | D:4      | Identified a scroll of acquirement
  4438 | D:4      | Acquired an amulet of reflection
  4801 | D:5      | Entered Level 5 of the Dungeon
  4844 | D:5      | Identified the +0 leather armour of Philately {Str+7 Dex+4}
  5013 | D:5      | Reached skill level 5 in Maces & Flails
  5296 | D:5      | Found a shadowy altar of Dithmenos.
  5521 | D:5      | Identified the +1 robe "Kanias" {Contam Drain Will+++
                  | Str+4}
  5548 | D:5      | Noticed Blork the orc
  5564 | D:5      | Killed Blork the orc
  5565 | D:5      | Reached XP level 7. HP: 43/43 MP: 7/7
  5773 | D:6      | Reached skill level 6 in Maces & Flails
  6071 | D:6      | Learned a level 1 spell: Sandblast
  6103 | D:6      | Noticed Maggie
  6228 | D:6      | Found a runed translucent door.
  6229 | D:6      | Noticed Crazy Yiuf
  6633 | D:6      | Reached skill level 7 in Maces & Flails
  6633 | D:6      | Reached skill level 5 in Armour
  6633 | D:6      | Reached XP level 8. HP: 32/48 MP: 8/8
  6818 | D:6      | Reached skill level 5 in Shields
  6861 | D:6      | Noticed Duvessa
  6861 | D:6      | Noticed Dowan
  6880 | D:6      | Killed Duvessa
  6885 | D:6      | Killed Dowan
  7011 | D:6      | Found a sacrificial altar of Ru.
  7084 | D:6      | Noticed Pikel
  7097 | D:6      | Killed Pikel
  7098 | D:6      | Reached skill level 5 in Fighting
  7098 | D:6      | Reached skill level 8 in Maces & Flails
  7098 | D:6      | Reached XP level 9. HP: 54/54 MP: 9/9
  7488 | D:7      | Reached skill level 9 in Maces & Flails
  7490 | D:7      | Reached * piety under the Shining One
  8099 | D:7      | Found Puheveg's Weapon Emporium.
  8202 | D:8      | Noticed a troll
  8206 | D:8      | Killed a troll
  8212 | D:8      | Reached skill level 10 in Maces & Flails
  8452 | D:8      | Noticed a six-headed hydra
  8452 | D:8      | Noticed a manticore
  8452 | D:8      | Noticed a manticore
  8579 | D:8      | Reached XP level 10. HP: 49/60 MP: 10/10
  8864 | D:8      | Identified the +7 hand axe of Isoec Wio {vorpal, rPois
                  | Dex+2}
  8866 | D:8      | Noticed a centaur warrior
  8871 | D:8      | Killed a centaur warrior
  8886 | D:8      | Reached skill level 11 in Maces & Flails
  9323 | D:8      | Identified the +1 chain mail "Jaext" {Harm rC- rN++ rCorr}
  9325 | D:8      | Identified the ring of Arob {Wiz Str+3 Int+6}
  9369 | D:8      | Killed a manticore
  9689 | D:8      | Reached ** piety under the Shining One
  9754 | D:8      | Identified the ring of Doubts {rC+ rN+ SInv}
  9863 | D:8      | Killed a manticore
  9913 | D:8      | Noticed a two-headed ogre
  9938 | D:8      | Killed a two-headed ogre
  9939 | D:8      | Reached skill level 12 in Maces & Flails
  9939 | D:8      | Reached XP level 11. HP: 28/66 MP: 11/11
 10122 | D:8      | Found a basalt altar of Yredelemnul.
 10300 | D:8      | Found a shimmering blue altar of Sif Muna.
 10301 | D:8      | Found a blossoming altar of Fedhas.
 10603 | D:9      | Noticed a death yak
 10636 | D:9      | Killed a death yak
 10667 | D:9      | Found a staircase to the Lair.
 10668 | D:9      | Noticed a death yak
 10668 | D:9      | Noticed a death yak
 10668 | D:9      | Noticed a death yak
 10668 | D:9      | Noticed a death yak
 10668 | D:9      | Noticed a death yak
 10668 | D:9      | Noticed a death yak
 11540 | D:9      | Killed a death yak
 11586 | D:10     | Entered Level 10 of the Dungeon
 11619 | D:10     | Reached *** piety under the Shining One
 11793 | D:10     | Reached skill level 10 in Shields
 12063 | D:10     | Noticed a manticore
 12077 | D:10     | Killed a manticore
 12313 | D:10     | Found an ornate altar of the Wu Jian Council.
 12853 | D:11     | Noticed a cyclops
 12873 | D:11     | Killed a cyclops
 13084 | D:11     | Noticed a cyan ugly thing
 13100 | D:11     | Killed a cyan ugly thing
 13101 | D:11     | Reached skill level 13 in Maces & Flails
 13315 | D:11     | Noticed an eight-headed hydra
 13324 | D:11     | Killed an eight-headed hydra
 13325 | D:11     | Reached skill level 1 in Invocations
 13325 | D:11     | Reached XP level 12. HP: 68/73 MP: 9/12
 14611 | D:12     | Killed from afar by a deep elf pyromancer

Illustrated notes

Levels and vault maps discovered:
D:1:      psy_arrival_whirlpool, layout_basic
D:2:      layout_basic, basic_ecumenical_altar, minivault_26,
          minmay_misc_feat_encased, minmay_increasing_density
D:3:      layout_rooms, gammafunk_temple_overflow_statue
D:4:      layout_cave_pods, minmay_temple_entry_grid
D:5:      layout_loops_corners, pf_just_have_faith, minmay_misc_feat_hallway,
          uniq_blork_the_orc
D:6:      layout_loops_ring, nicolae_ru_path_of_blood,
          kennysheep_generic_room_10, uniq_pikel, uniq_crazy_yiuf_cottage,
          uniq_maggie, uniq_duvessa
D:7:      layout_loops_cross, serial_shops,
          nicolae_shop_temple_entry_statues_fountains
D:8:      minmay_the_grid_octo_triangle [minmay_the_grid_octo_odd_swirl,
          minmay_the_grid_octo_prize_ultimate_mussel_roller,
          minmay_the_grid_octo_checkerflower], layout_gridville, minitemple,
          mainiacjoe_overflow_24_doors, minmay_door_square,
          hangedman_decor_push, hangedman_decor_peaks_small
D:9:      layout_irregular_city, dpeg_lair_monsters,
          kennysheep_orc_monster_closet_entryway, kennysheep_potato
D:10:     layout_long_grid, nzn_wu_jian_contemplation
D:11:     layout_loops_ring
D:12:     layout_gridville, grunt_ministairs_6, slow_altar_2
Temple:   dpeg_chambers_temple

Skill      XL: |  1  2  3  4  5  6  7  8  9 10 11 12 |
---------------+-------------------------------------+-----
Maces & Flails | 3 4 5 7 8 10 12 13 | 13.8
Armour         | 4 5 6 7 8 |  8.6
Shields        | 4 6 7 9 10 11 | 11.1
Fighting       | 4 5 6 7 8 |  8.0
Invocations    | 1 |  1.2
Dodging        | |  0.7
Earth Magic    | |  0.7

Action                   |  1- 3 |  4- 6 |  7- 9 | 10-12 || total
-------------------------+-------+-------+-------+-------++-------
Melee: Flail             |   150 |   152 |   232 |       ||   534
       Mace              |       |       |    39 |   480 ||   519
Throw: Dart              |     2 |       |       |       ||     2
Invok: Divine Shield     |       |       |       |     6 ||     6
  Use: Scroll            |       |    14 |     1 |    14 ||    29
       Potion            |       |     2 |       |     1 ||     3
Armor: Scale mail        |    66 |    76 |   103 |   143 ||   388
Dodge: Dodged            |    45 |    49 |    69 |    87 ||   250
Block: Kite shield       |    98 |    79 |   257 |   382 ||   816
       Reflection        |       |     1 |     6 |    27 ||    34

Table legend: (Time is in decaauts)
 A = Elapsed time spent in this place.
 B = Non-inter-level travel time spent in this place.
 C = Inter-level travel time spent in this place.
 D = Time resting spent in this place.
 E = Time spent auto-exploring this place.
 F = Levels seen in this place.
 G = Mean time per level.
                   A        B        C        D        E       F      G
               +--------+--------+--------+--------+--------+-----+--------+
         Total |  14756 |  14311 |    445 |   3796 |   7285 |  13 | 1135.1 |
       Dungeon |  13886 |  13547 |    339 |   3353 |   7018 |  12 | 1157.2 |
        Temple |    869 |    763 |    106 |    443 |    267 |   1 |  869.0 |
               +--------+--------+--------+--------+--------+-----+--------+

Top non-repeatable levels by time:
     D:8: 2272 daAuts
     D:2: 1705 daAuts
     D:6: 1395 daAuts
    D:11: 1360 daAuts
    D:10: 1222 daAuts
     D:5: 1204 daAuts
     D:4: 1171 daAuts
     D:9: 1056 daAuts
     D:7: 908 daAuts
  Temple: 869 daAuts
     D:3: 645 daAuts
     D:1: 543 daAuts
    D:12: 401 daAuts
